 Dungeon Crawl Stone Soup version 0.31-a0-236-g9a0961fb85 (webtiles) character file.

Game seed: 14450880819312514103

71 qw the Shooter (level 4, -4/26 HPs)
             Began as a Gargoyle Hexslinger on July 9, 2023.
             Slain by Sigmund
             ... wielding a +0 scythe
              (7 damage)
             ... on level 2 of the Dungeon.
             The game lasted 00:00:34 (957 turns).

qw the Shooter (Gargoyle Hexslinger)                 Turns: 957, Time: 00:00:34

Health: -4/26      AC:  5    Str: 12    XL:     4   Next: 24%
Magic:  5/5        EV: 12    Int: 13    God:
Gold:   102        SH:  0    Dex: 14    Spells: 4/5 levels left

rFire   . . .        Y - +1 sling
rCold   . . .        (no shield)
rNeg    + . .        c - +0 robe
rPois   inf          (no helmet)
rElec   +            (no cloak)
rCorr   .            (no gloves)
SInv    .            (no boots)
Will    .....        (no amulet)
Stlth   +            (no ring)
HPRegen 0.24/turn    (no ring)
MPRegen 0.09/turn

%: no passive effects
@: no status effects
A: sickness immunity, AC +3, negative energy resistance 1, electricity
resistance, torment resistance 1, petrification resistance
a: no special abilities


You were on level 2 of the Dungeon.
You visited 1 branch of the dungeon, and saw 2 of its levels.

You collected 102 gold pieces.


Innate Abilities, Weirdness & Mutations

You are immune to sickness and miasma.
Your stone body is resilient. (AC +3)
You are immune to poison.
You resist negative energy. (rN+)
You are resistant to electric shocks. (rElec)
You are resistant to unholy torment.
You are immune to petrification.


   Skills:
 - Level 2.0 Fighting
 + Level 4.1 Ranged Weapons
 - Level 1.5 Dodging
 - Level 1.0 Spellcasting
 - Level 2.6 Hexes


You had 4 spell levels left.
You knew the following spells:

 Your Spells              Type           Power      Damage    Failure   Level
a - Slow                  Hex            28%        N/A       10%         1

Your spell library contained the following spells:

 Spells                   Type           Power      Damage    Failure   Level
 Inner Flame              Hex/Fire       4%         N/A       43%         3
 Portal Projectile        Hex/Tloc       8%         N/A       43%         3
 Cause Fear               Hex            3%         N/A       67%         4

Inventory:

Hand Weapons
 Y - a +1 sling (weapon)
Armour
 c - a +0 robe (worn)
Scrolls
 a - 3 scrolls of identify
 d - a scroll of enchant weapon {unknown}
 h - a scroll of revelation {unknown}
Potions
 b - a potion of curing {unknown}
 e - a potion of heal wounds {unknown}
 f - a potion of might {unknown}
 g - a potion of invisibility {unknown}

Dungeon Overview and Level Annotations

Branches:
Dungeon (2/15)

Altars:

Annotations:
D:2 Sigmund


Message History

Enter note:
Enter note:
Enter note:
Enter note:
Enter note:
Enter note:
Enter note:
Enter note:
Enter note: You shoot a sling bullet.
Sigmund shouts!
The sling bullet hits Sigmund.
Sigmund is moderately wounded.
Sigmund casts a spell.
Sigmund flickers and vanishes!
Deactivating autopickup; reactivate with Ctrl-A.
You shoot a sling bullet. You shoot a sling bullet. You shoot a sling bullet.
You shoot a sling bullet. Something hits you but does no damage.
You shoot a sling bullet. You shoot a sling bullet.
You hear some strange, mumbled words.
You are confused.
You shoot a sling bullet.
You hear some strange, mumbled words.
A puff of flame appears from out of thin air!
The puff of flame hits you! Something hits you.
You shoot a sling bullet. You shoot a sling bullet.
Something hits you but does no damage.
You shoot a sling bullet. Something hits you!
You shoot a sling bullet.
You feel less confused. Something hits you.
You shoot a sling bullet. Something hits you!
You die...

#.......#..........#...........
#...(........##............#...
#......#####.#####.........##..
#......# #.......#.......###.
#|.....# ##..#######....#####.
#......####...# #..#.....#.
##..#####.....# #..#####...
#..#####.###.## ###..####..#.
#.##.....# #.@####............
####.#..##### ##.#.....#######...
.......## ##{......# #......#
.....##########........# #.......
.....#.............#######<......
.......#####..........#..........
......## #.................#....
.....## #....................###
.....# #...............###### #


There were no monsters in sight!

Vanquished Creatures
  A gnoll (D:1)
  An adder (D:2)
  A worm (D:2)
  3 dart slugs
  An endoplasm (D:1)
  3 giant cockroaches
  3 goblins
  5 hobgoblins
  3 jackals (D:1)
  3 kobolds
  7 ball pythons
  4 bats
  3 frilled lizards
  6 rats
44 creatures vanquished.

Notes
Turn   | Place    | Note
-------+----------+-------------------------------------------
     0 | D:1      | qw the Gargoyle Hexslinger began the quest for the Orb.
     0 | D:1      | Reached XP level 1. HP: 12/12 MP: 2/2
     0 | D:1      | 0 ||| qw: Version: 0.3-a-51-g015441d
     0 | D:1      | 0 ||| qw: Game counter: 4424
     0 | D:1      | 0 ||| qw: Melee chars always use a shield: true
     0 | D:1      | 0 ||| qw: God list: Okawaru
     0 | D:1      | 0 ||| qw: Allow faded altars: false
     0 | D:1      | 0 ||| qw: Do Orc after clearing Dungeon:15 true
     0 | D:1      | 0 ||| qw: Do second Lair branch before Depths: true
     0 | D:1      | 0 ||| qw: Lair rune preference: random
     0 | D:1      | 0 ||| qw: Goals: Normal
     0 | D:1      | 0 ||| PLANNING D:1-11
    93 | D:1      | 93 ||| FLEEEEING.
    99 | D:1      | Reached XP level 2. HP: 16/16 MP: 3/3
   146 | D:1      | Reached skill level 3 in Ranged Weapons
   360 | D:1      | Reached XP level 3. HP: 21/21 MP: 4/4
   539 | D:1      | 539 ||| DROPPING ring of wizardry.
   540 | D:1      | 540 ||| READING scroll labelled YSERUV UTAIF.
   541 | D:1      | 541 ||| READING scroll labelled LUBRILAUCA.
   542 | D:1      | 542 ||| READING scroll labelled ICZETZUELUEQ.
   543 | D:1      | 543 ||| DROPPING scroll of poison.
   657 | D:2      | Reached XP level 4. HP: 24/26 MP: 5/5
   706 | D:2      | Reached skill level 4 in Ranged Weapons
   944 | D:2      | Noticed Sigmund
   955 | D:2      | HP: 5/26 [something (9)]
   956 | D:2      | HP: 2/26 [something (3)]
   957 | D:2      | Slain by Sigmund

Levels and vault maps discovered:
D:1:      lemuel_arrival_tunnels, layout_rooms, minmay_misc_feat_nine_boxes,
          fountainhead, minmay_misc_feat_doors
D:2:      layout_rooms, uniq_sigmund

Skill      XL: |  1  2  3  4 |
---------------+-------------+-----
Ranged Weapons | 3 4 |  4.1
Fighting       | 2 |  2.0
Dodging        | |  1.5
Spellcasting   | |  1.0
Hexes          | |  2.6

Action                     |  1- 3 |  4- 6 || total
---------------------------+-------+-------++-------
   Fire: Sling             |   108 |    42 ||   150
    Use: Scroll            |     3 |       ||     3
 Armour: Robe              |    11 |     5 ||    16
  Dodge: Dodged            |    41 |     3 ||    44

Table legend:
 A = Non-vault XP
 B = Vault XP
 C = Vault XP percentage of total XP
 D = Non-vault monster count
 E = Vault monster count
 F = Vault count percentage of total count
                 A         B        C        D         E       F
            +---------+---------+-------+---------+---------+-------
      Total |     102 |       0 |   0.0 |      44 |       0 |   0.0
            +---------+---------+-------+---------+---------+-------
        D:1 |      55 |       0 |   0.0 |      24 |       0 |   0.0
        D:2 |      47 |       0 |   0.0 |      20 |       0 |   0.0
            +---------+---------+-------+---------+---------+-------
